 Dungeon Crawl Stone Soup version bcrawl-1.13.1 (webtiles) character file.

Game seed: 11140588254532740870

78 Revguard the Sneak (level 4, -11/32 HPs)
             Began as a Demonspawn Archaeologist on Aug 2, 2019.
             Mangled by an orc warrior
             ... wielding a +0 trident
              (20 damage)
             ... on level 2 of the Dungeon.
             The game lasted 00:07:27 (2058 turns).

Revguard the Sneak (Demonspawn Archaeologist)       Turns: 2058, Time: 00:07:27

Health: -11/32     AC:  9    Str: 11    XL:     4   Next: 15%
Magic:  5/5        EV: 11    Int: 15    God:
Gold:   172        SH:  0    Dex: 13    Spells: 3/3 levels left

rFire    + . .     SeeInvis .   l - +1 flail (drain)
rCold    . . .     Gourm    .   (no shield)
rNeg     . . .     Faith    .   n - +1 ring mail
rPois    .         Spirit   .   c - +1 hat
rElec    .         Reflect  .   (no cloak)
rCorr    .         Harm     .   (no gloves)
MR       .....                  d - +1 pair of boots
Stlth    ++........             j - amulet of regeneration
HPRegen  0.50/turn              (no ring)
MPRegen  0.09/turn              (no ring)

@: lethally poisoned (-11 -> -15), studying Long Blades, lightly drained
A: talons 1, fire resistance 1
a: no special abilities


You were on level 2 of the Dungeon.
You were not hungry.

You visited 1 branch of the dungeon, and saw 2 of its levels.

You collected 172 gold pieces.

Inventory:

Hand Weapons
 a - a +0 whip
 l - a +1 flail of draining (weapon)
Armour
 c - a +1 hat (worn)
 d - a +1 pair of boots (worn)
 n - a +1 ring mail (worn)
Jewellery
 j - an amulet of regeneration (around neck)
Scrolls
 i - 2 scrolls of enchant armour
 q - 4 scrolls of teleportation
Potions
 m - a potion of flight
Books
 e - a manual of Long Blades
Miscellaneous
 f - an ancient crate
Comestibles
 g - 2 rations {!d}


   Skills:
 + Level 1.0(0.7) Fighting
 * Level 1.1(0.7) Long Blades
 - Level 1.3(0.9) Maces & Flails
 * Level 1.6(1.3) Armour
 + Level 3.2(2.8) Dodging
 + Level 3.2(2.8) Stealth
 * Level 1.3(1.0) Evocations


You had 3 spell levels left.
You didn't know any spells.
Your spell library was empty.

Dungeon Overview and Level Annotations

Branches:
Dungeon (2/12)

Altars:
Gozag
Nemelex Xobeh
Trog
Wu Jian
Yredelemnul

Annotations:
D:2 1 transporter


Innate Abilities, Weirdness & Mutations

You have sharp toenails.
Your flesh is heat resistant. (rF+)


Message History

You feel sick. The bat hits you but does no damage.
The rat bites you but does no damage.
You feel sick. The bat barely misses you.
You see here 9 gold pieces.
You miss the bat.
You feel sick. The bat barely misses you. The worker ant bites you.
The bat hits you. The rat bites you but does no damage.
The scorpion stings you. The worker ant bites you.
You are more poisoned.
The worker ant poisons you! The orc warrior barely misses you.
You feel sick. The bat hits you.
The scorpion stings you but does no damage.
The orc wizard gestures wildly while chanting.
The orc wizard flickers and vanishes!
Deactivating autopickup; reactivate with Ctrl-A.
You see here 15 gold pieces.
You feel sick. The bat closely misses you.
The orc warrior hits you from afar with a +0 trident!!
Ouch! That really hurt!
You die...

..# #..#########...#
#.# #.##.......##..#
#.## #.#8.#...#.8#..##
#..# ##.#...#.#.!$#...#
##.###..#.......%_#...#
#.##÷.©#..©....$.#©..#
#.#....#....{oa$b#..##
#...##.#...#.#s$r#.##
##..###.#8.#...#@8#.#
...#....##...©.(.##.#
##.#.##..#########..#
#.#.###...........##
##.#.# #############
#....# #...## ..#.#
..#.#


You could see an orc warrior, a scorpion, a worker ant, a bat and a rat.

Vanquished Creatures
  2 oozes
  A worm (D:2)
  A dart slug (D:1)
  4 leopard geckos
  An orc (D:2)
  8 bats
  5 giant cockroaches
  3 goblins
  7 hobgoblins
  4 jackals (D:2)
  9 kobolds
  A quokka (D:2)
  3 frilled lizards (D:1)
  4 rats
53 creatures vanquished.

Notes
Turn   | Place    | Note
-------+----------+-------------------------------------------
     0 | D:1      | Revguard the Demonspawn Archaeologist began the quest for
                  | the Orb.
     0 | D:1      | Reached XP level 1. HP: 15/15 MP: 1/1
    84 | D:1      | Gained mutation: Your flesh is heat resistant. (rF+)
                  | [demonic ancestry]
    84 | D:1      | Reached XP level 2. HP: 15/21 MP: 2/2
   162 | D:1      | Reached skill level 1 in Armour
   213 | D:1      | Reached skill level 1 in Maces & Flails
   458 | D:1      | Reached skill level 1 in Evocations
   815 | D:1      | Gained mutation: You have sharp toenails. [demonic
                  | ancestry]
   815 | D:1      | Reached XP level 3. HP: 22/26 MP: 3/3
  1598 | D:2      | Found a sparkling altar of Nemelex Xobeh.
  1599 | D:2      | Noticed an orc warrior
  1600 | D:2      | Found a basalt altar of Yredelemnul.
  1601 | D:2      | Noticed a scorpion
  1603 | D:2      | Found a transporter.
  1617 | D:2      | Found a transporter.
  1704 | D:2      | Reached skill level 1 in Long Blades
  1745 | D:2      | Reached XP level 4. HP: 32/32 MP: 5/5
  1863 | D:2      | Found an opulent altar of Gozag.
  1866 | D:2      | Found a bloodstained altar of Trog.
  1869 | D:2      | Found an ornate altar of the Wu Jian Council.
  2058 | D:2      | Mangled by an orc warrior

Skill      XL: |  1  2  3 |
---------------+----------+-----
Armour         | 1 |  1.6
Maces & Flails | 1 |  1.3
Evocations     | 1 |  1.3
Dodging        | 3 |  3.2
Long Blades    | 1 |  1.1
Fighting       | |  1.0
Stealth        | |  3.2

Action                   |  1- 3 |  4- 6 || total
-------------------------+-------+-------++-------
Melee: Whip              |   222 |       ||   222
       Mace              |    18 |       ||    18
       Flail             |     3 |    25 ||    28
  Use: Scroll            |     6 |       ||     6
       Potion            |     5 |       ||     5
 Stab: Sleeping          |     1 |     1 ||     2
  Eat: Chunk             |     3 |     1 ||     4
Armor: Robe              |    56 |       ||    56
       Ring mail         |    98 |    13 ||   111
       Skin              |     1 |       ||     1
Dodge: Dodged            |   226 |    24 ||   250
